cohdb
Replays
Latest Replays
All Replays
Popular Replays
Top Player Replays
Match Explorer
How It Works
Community
CoH3 Stats
Reddit
Sign in to upload your games and track your stats! →
Sign in with Steam
Match 45523146
Unlisted
Match 45523146
Overview
Messages
Build Orders
End
Construct Barracks
Engineer Squad
Selects Armored Battlegroup
1⁄4-ton 4x4 Truck
Selects Veteran Crews
Riflemen Squad
Riflemen Squad
Selects Fast Deploy
Riflemen Squad
Infantry Support Center
Construct Medical Station
Construct Motor Pool
M8 Greyhound Armored Car
Grenade Package
M1918 Browning Automatic Rifles
Selects Seek and Destroy
M1 Anti-tank Gun Team
Engineer Squad
Construct Tank Depot
Selects UNKNOWN (2160077)
Selects Field Repairs
Selects War Machine
M4A3E8 Sherman Easy Eight
M1 Anti-tank Gun Team
M1 Anti-tank Gun Team
Engineer Squad
M4A3E8 Sherman Easy Eight
Seek and Destroy
M4A3E8 Sherman Easy Eight
M18 Hellcat Tank Destroyer
Bobr
nub
lisez hervé Couteau-Bégarie
.:PSG:. RedxWings
Eplestilk
Not vincentbui
likewind3
FartNoise
0
0
Comments
sign in to comment!
No comments posted yet!